Map: Newkirk Precinct TE (Void)

Players

Musumeci - Winner!

  • Race: Zerg Zerg
  • League: Diamond
  • Spawn Location: 7:00

zedarkwolf

  • Race: Zerg Zerg
  • League: Diamond
  • Spawn Location: 5:00

VOD

Have the link to the VOD?

Description

Time

  • Played on: April 2, 2017, 3:13 p.m.
  • Length: 10:09
Show
View Real Time Build Order
Export as new Build Order

Musumeci Zerg - Winner!

Build Orders: Hatch First 

Get SALT Encoding   

  12  0:00  Drone  
  13  0:13  Overlord  
  13  0:18  Drone  
  14  0:24  Drone, Extractor  
  15  0:31  Drone  
  15  0:35  Drone  
  17  0:55  Hatchery  
  16  0:58  Drone  
  17  1:16  Spawning Pool  
  17  1:17  Extractor  
  17  1:18  Drone  
  16  1:21  Drone  
  16  1:25  Drone  
  18  1:29  Drone  
  19  1:41  Overlord  
  19  1:50  Drone  
  20  2:03  Queen, Zergling x2  
  23  2:08  Queen  
  23  2:09  Drone  
  26  2:20  Drone  
  26  2:21  Metabolic Boost  
  26  2:22  Drone  
  28  2:23  Drone  
  28  2:28  Drone  
  30  2:38  Baneling Nest  
  30  2:39  Zergling x2  
  30  2:40  Zergling x2  
  31  2:52  Queen  
  31  2:55  Zergling x4  
  35  3:00  Zergling x2  
  36  3:22  Baneling x5, Overlord  
  36  3:24  Overlord  
  30  3:58  Zergling x20  
  40  4:34  Baneling x2  
  36  4:57  Zergling x4  
  36  4:58  Zergling x14  
  43  5:14  Zergling x6  
  40  5:28  Baneling x3  
  40  5:29  Zergling x2  
  40  5:30  Zergling x2  
  40  5:34  Drone x2  
  44  5:49  Hatchery, Baneling  
  42  6:03  Baneling  
  41  6:09  Zergling x8  
  41  6:10  Zergling x8  
  49  6:16  Drone x2  
  51  6:24  Queen  
  51  6:25  Hatchery  
  52  6:27  Baneling x2  
  51  6:44  Baneling x2  
  51  6:45  Zergling x2  
  43  7:21  Zergling x18  
  43  7:22  Zergling x14  
  53  7:29  Zergling x4  
  49  7:41  Zergling x8  
  53  7:44  Lair  
  53  7:46  Extractor  
  52  7:54  Zergling x2  
  52  7:55  Zergling x8  
  52  7:56  Overlord  
  52  7:58  Baneling x4  
  57  8:01  Drone  
  57  8:02  Drone x3, Extractor  
  57  8:05  Baneling  
  46  8:34  Zergling x8  
  46  8:35  Zergling x32  
  65  8:49  Zergling x12  
  71  8:57  Drone  
  67  9:14  Zergling x12  
  68  9:28  Spore Crawler x2  
  68  9:29  Spore Crawler  
  68  9:30  Drone x2  
  68  9:31  Spore Crawler  
  66  9:34  Spore Crawler  
  66  9:37  Spore Crawler  
  64  9:39  Spore Crawler  
Show
View Real Time Build Order
Export as new Build Order

zedarkwolf Zerg 

Build Orders: Hatch First 

Get SALT Encoding   

  12  0:01  Drone  
  13  0:13  Overlord  
  13  0:18  Drone  
  14  0:31  Drone x2  
  14  0:35  Drone  
  17  0:55  Hatchery  
  16  0:57  Extractor  
  16  0:58  Drone  
  16  1:15  Spawning Pool  
  16  1:18  Drone  
  16  1:22  Drone  
  17  1:26  Drone  
  18  1:33  Drone  
  19  1:42  Overlord  
  19  2:02  Metabolic Boost  
  19  2:03  Queen  
  19  2:07  Queen  
  23  2:10  Zergling x2  
  23  2:13  Zergling x2  
  25  2:17  Zergling x2  
  25  2:21  Zergling x2  
  27  2:23  Zergling x2  
  28  2:31  Zergling x4  
  30  2:40  Zergling x2, Baneling Nest  
  30  2:51  Zergling x4  
  30  2:52  Zergling x2  
  33  3:02  Zergling x4  
  35  3:20  Zergling x2  
  35  3:21  Overlord  
  25  3:53  Zergling x2  
  25  3:54  Zergling x12  
  25  3:55  Zergling x10  
  35  4:08  Spine Crawler  
  34  4:17  Baneling  
  34  4:18  Baneling x5  
  33  4:44  Zergling x4  
  33  4:45  Zergling x14  
  30  5:16  Zergling x4  
  30  5:17  Zergling x6  
  34  5:24  Zergling x8  
  38  5:30  Baneling x3  
  38  5:34  Zergling x4  
  37  6:10  Lair  
  37  6:13  Extractor  
  37  6:14  Drone x4  
  37  6:15  Spine Crawler  
  28  7:12  Zergling x2  
  28  7:13  Zergling x14  
  28  7:14  Zergling x2  
  30  7:33  Spire  
  29  7:37  Drone x3  
  29  7:38  Drone x2  
  34  7:51  Queen  
  34  7:56  Baneling x2  
  34  7:57  Baneling  
  22  8:44  Mutalisk x5  
  11  9:26  Zergling x10  
  11  9:27  Zergling x2  
Tags
 
Add a new tag
Caveats
  • Supply blocks, unpowered buildings, or Contaminate may cause inaccurate times.
  • Supply counts are checked every 10 seconds.